 Dungeon Crawl Stone Soup version 0.30-a0-325-gb515db48ae (console) character file.

Game seed: 3928918819570474476

280 Ignak the Trooper (level 6, 0/63 HPs)
             Began as an Ogre Warper on Oct 28, 2022.
             Killed from afar by Natasha (10 damage)
             ... with a puff of flame
             ... on level 3 of the Dungeon.
             The game lasted 00:05:51 (2481 turns).

Ignak the Trooper (Ogre Warper)                     Turns: 2481, Time: 00:05:51

Health: 0/63       AC:  4    Str: 18    XL:     6   Next: 27%
Magic:  3/10       EV: 10    Int: 14    God:
Gold:   186        SH:  0    Dex:  8    Spells: 3/11 levels left

rFire   . . .      SeeInvis .    l - +1 dagger (elec)
rCold   . . .      Faith    .    (no shield)
rNeg    . . .      Spirit   .    p - +1 robe
rPois   .          Reflect  .    (helmet currently unavailable)
rElec   .          Harm     .    (no cloak)
rCorr   .          Rampage  .    (gloves unavailable)
Will    .....                    (boots unavailable)
Stlth   +.........               (no amulet)
HPRegen 0.30/turn                (no ring)
MPRegen 0.12/turn                (no ring)

@: appendages (expiring), wereblooded, slowed, very slow
A: horns 2, talons 2, large, unfitting armour, tough skin 1
a: End Transformation


You were on level 3 of the Dungeon.
You had temporarily grown beastly horns and talons.
You visited 1 branch of the dungeon, and saw 3 of its levels.

You collected 186 gold pieces.

Inventory:

Hand Weapons
 a - a +0 mace
 l - a +1 dagger of electrocution (weapon)
Armour
 p - a +1 robe (worn)
Jewellery
 j - a ring of fire
Scrolls
 b - a scroll of brand weapon {unknown}
 c - 2 scrolls of blinking
 f - 2 scrolls of enchant armour {unknown}
 g - 6 scrolls of identify {unknown}
 h - 2 scrolls of fear {unknown}
 k - a scroll of poison {unknown}
 m - a scroll of enchant weapon {unknown}
 s - 2 scrolls of teleportation {unknown}
 t - a scroll of amnesia {unknown}
Potions
 e - a potion of attraction {unknown}
 i - a potion of curing {unknown}
 n - a potion of haste {unknown}
 o - a potion of degeneration {unknown}
 q - a potion of flight {unknown}
 r - a potion of mutation {unknown}


   Skills:
 * Level 4.6 Fighting
 * Level 3.0 Maces & Flails
 + Level 2.2 Throwing
 + Level 3.0 Dodging
 + Level 3.2 Spellcasting
 + Level 3.2 Translocations
 + Level 1.0 Transmutations


You had 3 spell levels left.
You knew the following spells:

 Your Spells              Type           Power      Damage    Failure   Level
a - Teleport Other        Tloc           11%        N/A       16%         3
b - Blink                 Tloc           22%        N/A       9%          2
q - Wereblood             Tmut           5%         N/A       21%         2
z - Beastly Appendage     Tmut           10%        N/A       14%         1

Your spell library contained the following spells:

 Spells                   Type           Power      Damage    Failure   Level
 Lesser Beckoning         Tloc           22%        N/A       16%         3
 Cigotuvi's Dreadful Rot  Necr/Pois/Air  4%         N/A       32%         2
 Poisonous Vapours        Pois/Air       4%         N/A       32%         2
 Vhi's Electric Charge    Tloc/Air       12%        N/A       32%         3
 Spider Form              Tmut/Pois      3%         N/A       45%         3
 Mephitic Cloud           Conj/Pois/Air  2%         N/A       54%         3
 Manifold Assault         Tloc           11%        N/A       47%         4
 Anguish                  Hex/Necr       1%         N/A       91%         4
 Enfeeble                 Hex            1%         N/A       100%        7


Dungeon Overview and Level Annotations

Branches:
Dungeon (3/15)

Altars:
Zin

Annotations:
D:3 Natasha


Innate Abilities, Weirdness & Mutations

You have temporarily grown beastly horns and talons.
You are too large for most types of armour.
You have tough skin. (AC +1)


Message History

Natasha is heavily wounded.
Natasha looks more healthy.
Natasha zaps a wand.
The puff of flame hits you.
Casting: Wereblood (safe; 21% risk of failure)
Confirm with . or Enter, or press ? or * to list all spells.
You blink.
Natasha wildly gestures.
You feel troubled.
Casting: Blink (safe; 9% risk of failure)
Confirm with . or Enter, or press ? or * to list all spells.
Aiming: Teleport Other (dangerous; 16% risk of failure)
Press: ? - help, Shift-Dir - straight line, f - iron imp, p - Natasha
Aim: an iron imp (summoned, chance to affect: 58%)
The iron imp looks slightly unstable.
Natasha stares at you and mumbles some strange words.
You feel yourself slow down.
Casting: Teleport Other (dangerous; 16% risk of failure)
Confirm with . or Enter, or press ? or * to list all spells.
Your blood is infused with primal strength.
The iron imp disappears!
Natasha casts a spell at you. You resist with some effort.
Unknown command.
Casting: Wereblood (safe; 21% risk of failure)
Confirm with . or Enter, or press ? or * to list all spells.
You grow a pair of large bovine horns.
Your feet morph into talons.
You feel stable enough to blink again.
Unknown command.
Your transformation is almost over.
Natasha claws you.
You hit Natasha but do no damage. Your kick misses Natasha.
Natasha is heavily wounded.
Natasha casts a spell at you. The magic dart hits you.
* * * LOW HITPOINT WARNING * * *
Natasha claws you.
* * * LOW HITPOINT WARNING * * *
You hit Natasha.
Natasha is heavily wounded.
Natasha zaps a wand.
The puff of flame hits you!
You die...

#......# #.# ## #..###.# #.#####.
...#+#..###.# #.....#. #.###
#.......##.########.#. #...#
######..##..........#. ....#
#########...############. ....#
#.........#.###....... #. ....##
#.........#.....########.
.....####.......@h...#...........
.....................#...########
..............###................
..............# #.##.#####.####..
..............# #.##.# #...##.#
..............# #.##.# ###.##.#
.............## .##( #.#..#
.............# .##. #.#.##
.............# (. #...##


You could see Natasha.

Vanquished Creatures
  Sigmund (D:3)
  Jessica (D:2)
  4 gnolls
  An adder (D:2)
  A worm (D:3)
  An orc (D:3)
  3 ball pythons
  3 bats
  6 endoplasms
  4 giant cockroaches
  4 hobgoblins
  3 jackals (D:1)
  3 quokkas
  4 frilled lizards
  2 kobolds
  4 rats
45 creatures vanquished.

Notes
Turn   | Place    | Note
-------+----------+-------------------------------------------
     0 | D:1      | Ignak the Ogre Warper began the quest for the Orb.
     0 | D:1      | Reached XP level 1. HP: 22/22 MP: 3/3
   302 | D:1      | Reached XP level 2. HP: 26/29 MP: 5/5
   312 | D:1      | Learned a level 2 spell: Blink
   316 | D:1      | Reached skill level 3 in Fighting
   835 | D:2      | Reached XP level 3. HP: 28/37 MP: 7/7
  1068 | D:2      | Learned a level 3 spell: Teleport Other
  1330 | D:1      | Reached XP level 4. HP: 40/45 MP: 8/8
  1541 | D:2      | Learned a level 2 spell: Wereblood
  1543 | D:2      | Learned a level 1 spell: Beastly Appendage
  1554 | D:2      | Noticed Jessica
  1570 | D:2      | Killed Jessica
  2069 | D:3      | Reached XP level 5. HP: 54/54 MP: 9/9
  2168 | D:3      | Found a glowing silver altar of Zin.
  2190 | D:3      | Reached skill level 4 in Fighting
  2281 | D:3      | Noticed Sigmund
  2307 | D:3      | Killed Sigmund
  2308 | D:3      | Reached skill level 1 in Transmutations
  2308 | D:3      | Reached XP level 6. HP: 43/63 MP: 10/10
  2462 | D:3      | Noticed Natasha
  2481 | D:3      | Killed from afar by Natasha

Illustrated notes

Levels and vault maps discovered:
D:1:      lemuel_arrival_broad_hall, layout_basic, grunt_decor_resistance
D:2:      layout_rooms, uniq_jessica
D:3:      layout_basic, zin_academy, mainiacjoe_overflow_surrounded_room,
          uniq_sigmund, uniq_natasha

Skill      XL: |  1  2  3  4  5 |
---------------+----------------+-----
Fighting       | 3 4 |  4.6
Maces & Flails | 2 3 |  3.0
Translocations | 3 |  3.2
Spellcasting   | 3 |  3.2
Throwing       | 2 |  2.2
Dodging        | 3 |  3.0
Transmutations | 1 |  1.0

Action                   |  1- 3 |  4- 6 || total
-------------------------+-------+-------++-------
Melee: Mace              |    60 |       ||    60
       Dagger            |    42 |    83 ||   125
Throw: Boomerang         |       |     7 ||     7
       Dart              |       |     6 ||     6
 Cast: Blink             |     1 |     2 ||     3
       Beastly Appendage |       |     2 ||     2
       Wereblood         |       |     2 ||     2
       Teleport Other    |       |     1 ||     1
 Stab: Sleeping          |       |     1 ||     1
Armor: Robe              |    40 |    23 ||    63
Dodge: Dodged            |    64 |    35 ||    99

Table legend: (Time is in decaauts)
 A = Elapsed time spent in this place.
 B = Non-inter-level travel time spent in this place.
 C = Inter-level travel time spent in this place.
 D = Time resting spent in this place.
 E = Time spent auto-exploring this place.
 F = Levels seen in this place.
 G = Mean time per level.
                   A        B        C        D        E       F      G
               +--------+--------+--------+--------+--------+-----+--------+
         Total |   2505 |   2461 |     44 |    307 |   1389 |   3 |  835.0 |
       Dungeon |   2505 |   2461 |     44 |    307 |   1389 |   3 |  835.0 |
               +--------+--------+--------+--------+--------+-----+--------+

Top non-repeatable levels by time:
     D:1: 1177 daAuts
     D:2: 719 daAuts
     D:3: 608 daAuts
